cohdb
Replays
Latest Replays
All Replays
Popular Replays
Top Player Replays
Match Explorer
How It Works
Community
CoH3 Stats
Reddit
Sign in to upload your games and track your stats! →
Sign in with Steam
Match 41635537
Unlisted
Match 41635537
Overview
Messages
Build Orders
End
Pioneer Squad
Construct Infanterie Kompanie
Selects Terror Battlegroup
Selects Machine Gun Camouflage
MG 42 Machine Gun Team
MG 42 Machine Gun Team
MG 42 Machine Gun Team
Construct Luftwaffe Kompanie
Jäger Squad
Grenadier Squad
Support Elements
Jäger Squad
Wirbelwind Flakpanzer
Luftwaffe Officer Quarters
Jäger Squad
Selects No Quarter
jimywins
MJP919
Makoto
DaTruRiZZoB
Profile
Shmlani
CPU - VERY EASY
ssd4184
0
0
Comments
sign in to comment!
No comments posted yet!